 Dungeon Crawl Stone Soup version 0.31-a0-1074-g0b22e4e0f1 (webtiles) character file.

Game seed: 7870640763576130032

634 monsoonserge the Insei (level 7, -4/43 HPs)
             Began as an Octopode Artificer on Dec 5, 2023.
             Was an Initiate of Gozag.
             Slain by an ice beast (12 damage)
             ... on level 4 of the Dungeon.
             The game lasted 00:12:52 (4383 turns).

monsoonserge the Insei (Octopode Artificer)         Turns: 4383, Time: 00:12:54

Health: -4/43      AC:  1    Str: 13    XL:     7   Next: 49%
Magic:  0/7        EV: 11    Int: 13    God:    Gozag
Gold:   484        SH:  7    Dex: 13    Spells: 6/6 levels left

rFire   . .          .
                       - Unarmed
rCold   . . .        D - +0 kite shield
rNeg    . . .        (helmet restricted)
rPois   .            e - amulet of guardian spirit
rElec   .            A - ring of resist corrosion
rCorr   +            (no ring)
SInv    .            (no ring)
Will    .....        (no ring)
Stlth   +++          (no ring)
HPRegen 0.27/turn    (no ring)
MPRegen 0.10/turn    (no ring)
                     (no ring)

%: guardian spirit
@: no status effects
A: almost no armour, amphibious, 8 rings, camouflage 1, gelatinous body 1,
(nimble swimmer 1), tentacles
a: Renounce Religion, Potion Petition, Call Merchant, Bribe Branch


You were on level 4 of the Dungeon.
You worshipped Gozag.
Gozag was aware of your devotion.
You visited 1 branch of the dungeon, and saw 5 of its levels.

You collected 547 gold pieces.
You paid 63 gold pieces to Gozag.

Inventory:

Missiles
 o - 15 poisoned darts (quivered)
 B - 3 boomerangs
Armour
 D - a +0 kite shield (worn)
Jewellery
 e - an amulet of guardian spirit (around mantle)
 i - a ring of fire
 l - an amulet of the acrobat
 A - a ring of resist corrosion (left tentacle)
Talismans
 g - a talisman of death
Wands
 b - a wand of flame (14)
 c - a wand of charming (12)
 d - a wand of iceblast (5)
Scrolls
 f - a scroll of fear {unknown}
 j - 4 scrolls of teleportation {unknown}
 m - 6 scrolls of identify {unknown}
 r - 2 scrolls of enchant weapon {unknown}
 u - a scroll of blinking {unknown}
 x - a scroll of poison {unknown}
 y - a scroll of fog {unknown}
 z - 2 scrolls of amnesia {unknown}
Potions
 a - a potion of heal wounds {unknown}
 h - 2 potions of lignification {unknown}
 k - a potion of cancellation {unknown}
 n - a potion of degeneration {unknown}
 p - 2 potions of curing {unknown}
 q - a potion of invisibility {unknown}
 s - a potion of brilliance {unknown}
 t - 2 potions of magic {unknown}
 v - a potion of berserk rage
 w - a potion of resistance
 C - a potion of ambrosia {unknown}


   Skills:
 + Level 1.4 Fighting
 + Level 3.4 Dodging
 - Level 4.0 Stealth
 * Level 6.1 Unarmed Combat
 - Level 1.0 Fire Magic
 + Level 4.2 Evocations


You had 6 spell levels left.
You didn't know any spells.
Your spell library contained the following spells:

 Spells                   Type           Power      Damage    Failure   Level
 Kiss of Death            Conj/Necr      0%         2d5       78%         1
 Lesser Beckoning         Tloc           0%         N/A       89%         2
 Confusing Touch          Hex            0%         N/A       98%         3
 Gell's Gravitas          Tloc           0%         N/A       98%         3
 Teleport Other           Tloc           0%         N/A       98%         3
 Dispel Undead            Necr           0%         3d6       100%        4


Dungeon Overview and Level Annotations

Branches:
Dungeon (5/15)
 Temple: D:4-7

Altars:
Dithmenos
Elyvilon
Fedhas
Gozag
Nemelex Xobeh
Sif Muna

Annotations:
D:2 Natasha


Innate Abilities, Weirdness & Mutations

You cannot wear most types of armour.
You are amphibious.
You can wear up to eight rings at the same time.
Your skin changes colour to match your surroundings (Stealth+).
Your rubbery body absorbs attacks. (AC +1, EV +1)
((You are camouflaged when in or above water. (Stealth+)))
You have tentacles for arms and can constrict up to eight enemies at once.


Message History

The ice beast misses you.
You tentacle-slap the ice beast.
The ice beast is moderately wounded.
You block the ice beast's attack.
You closely miss the ice beast.
The ice beast is moderately wounded.
The ice beast closely misses you.
You barely miss the ice beast. Your squeeze misses the ice beast.
The ice beast is moderately wounded.
You block the ice beast's attack.
You tentacle-slap the ice beast but do no damage.
Your squeeze misses the ice beast.
The ice beast is moderately wounded.
The ice beast hits you. The ice beast freezes you!
You tentacle-slap the ice beast.
The ice beast is heavily wounded.
The ice beast hits you. The ice beast freezes you!
You tentacle-slap the ice beast but do no damage.
The ice beast is heavily wounded.
You block the ice beast's attack.
An orc opens the door.
An orc comes into view. It is wielding a +0 club.
You block the ice beast's attack.
You tentacle-slap the ice beast. Your squeeze misses the ice beast.
The ice beast is severely wounded.
An orc wizard comes into view. It is wielding a +0 dagger.
The ice beast misses you. The ice beast hits you. The ice beast freezes you!
You climb upwards.
There is a stone staircase leading down here.
You tentacle-slap the ice beast.
The ice beast is severely wounded.
The ice beast hits you. The ice beast freezes you.
* * * LOW HITPOINT WARNING * * *
You tentacle-slap the ice beast.
The ice beast is almost dead.
The ice beast hits you.
* * * LOW HITPOINT WARNING * * *
The ice beast freezes you!
You die...
Your body crumbles into a pile of gold.

#.......................# #.#.#
#.......................# #.#.###
#.......................# #.#.##.
#.......................# #.#.##.
#............<..........# #.#....
#.......................###+####.
#................>............##.
#...............Y.............##.
#...............@.............##.
#.............................###
#.............................# #
#.............................# #
#............)................# #
#............[................# #
#.............................#
#.^...........................#
#.............................#


You could see an ice beast.

Vanquished Creatures
  Sigmund (D:2)
  A phantom (D:3)
  A gnoll sergeant (D:4)
  3 orc priests
  Natasha (twice) (D:2)
  An orc wizard (D:4)
  2 adders
  4 gnolls
  A worm (D:2)
  18 orcs
  9 ball pythons
  8 endoplasms
  4 giant cockroaches
  7 goblins
  10 hobgoblins
  6 kobolds
  2 quokkas
  8 bats
  2 frilled lizards (D:1)
  9 rats
99 creatures vanquished.

Vanquished Creatures (others)
  A gnoll (D:4)
1 creature vanquished.

Grand Total: 100 creatures vanquished

Notes
Turn   | Place    | Note
-------+----------+-------------------------------------------
     0 | D:1      | monsoonserge the Octopode Artificer began the quest for the
                  | Orb.
     0 | D:1      | Reached XP level 1. HP: 13/13 MP: 1/1
    59 | D:1      | Reached XP level 2. HP: 4/18 MP: 0/2
   229 | D:1      | Reached XP level 3. HP: 18/23 MP: 3/3
   298 | D:1      | Reached skill level 1 in Unarmed Combat
   900 | D:2      | Noticed Natasha
   908 | D:2      | Killed Natasha
   909 | D:2      | Reached XP level 4. HP: 24/28 MP: 4/4
  1123 | D:2      | Reached skill level 2 in Unarmed Combat
  1238 | D:2      | Noticed Sigmund
  1248 | D:2      | Noticed Natasha
  1276 | D:3      | Found an opulent altar of Gozag.
  1287 | D:3      | Found a blossoming altar of Fedhas.
  1289 | D:3      | Found a shimmering blue altar of Sif Muna.
  1290 | D:3      | Found a white marble altar of Elyvilon.
  1292 | D:3      | Found a sparkling altar of Nemelex Xobeh.
  1298 | D:3      | Reached skill level 1 in Fire Magic
  1310 | D:3      | Reached skill level 3 in Unarmed Combat
  1324 | D:3      | You fall into a shaft and drop 1 floor!
  1328 | D:4      | Noticed a phantom
  1347 | D:3      | Killed a phantom
  1348 | D:3      | Reached skill level 4 in Unarmed Combat
  1348 | D:3      | Reached XP level 5. HP: 18/33 MP: 2/5
  1366 | D:3      | Became a worshipper of Gozag Ym Sagoz the Greedy
  2311 | D:4      | Reached XP level 6. HP: 30/38 MP: 4/6
  2350 | D:2      | Killed Natasha
  2592 | D:2      | Noticed Natasha
  3201 | D:5      | Entered Level 5 of the Dungeon
  3433 | D:4      | HP: 1/38 [gnoll sergeant/+0 trident of protection (4)]
  3442 | D:4      | Reached skill level 5 in Unarmed Combat
  3442 | D:4      | Reached XP level 7. HP: 4/43 MP: 2/7
  3600 | D:4      | Found a shadowy altar of Dithmenos.
  4093 | D:2      | Killed Sigmund
  4094 | D:2      | Reached skill level 6 in Unarmed Combat
  4383 | D:4      | Slain by an ice beast

Illustrated notes

Levels and vault maps discovered:
D:1:      grunt_arrival_lava_bath, layout_loops_ring, hangedman_glass_garden,
          minmay_pentomino_q4
D:2:      layout_basic, uniq_natasha, uniq_sigmund
D:3:      minmay_general_purpose_star, layout_basic, grunt_temple_overflow_open,
          minmay_misc_feat_rows
D:4:      corexii_shack_village, layout_basic, marbit_many_paths
D:5:      layout_gridville, nicolae_kikubaaqudgha_miasma_corner,
          minmay_temple_entry_butterflies, uniq_menkaure

Skill      XL: |  1  2  3  4  5  6  7 |
---------------+----------------------+-----
Evocations     | 4 |  4.2
Unarmed Combat | 1 4 5 6 |  6.1
Stealth        | 2 4 |  4.0
Dodging        | 3 |  3.4
Fire Magic     | 1 |  1.0
Fighting       | |  1.4

Action                     |  1- 3 |  4- 6 |  7- 9 || total
---------------------------+-------+-------+-------++-------
  Melee: Club              |    18 |       |       ||    18
         Constrict         |    16 |    33 |     6 ||    55
         Tentacles         |     8 |    27 |     8 ||    43
         Spear             |    50 |    41 |       ||    91
         Dagger            |     3 |       |       ||     3
         Unarmed           |       |    95 |    23 ||   118
         Punch             |       |     4 |       ||     4
  Evoke: Wand              |       |     4 |       ||     4
    Use: Potion            |       |     2 |       ||     2
   Stab: Sleeping          |    10 |    20 |       ||    30
         Distracted        |       |     1 |       ||     1
 Armour: Skin              |    15 |    52 |     9 ||    76
  Dodge: Dodged            |    41 |    61 |     7 ||   109
  Block: Kite shield       |       |       |     7 ||     7

Table legend: (Time is in decaauts)
 A = Elapsed time spent in this place.
 B = Non-inter-level travel time spent in this place.
 C = Inter-level travel time spent in this place.
 D = Time resting spent in this place.
 E = Time spent auto-exploring this place.
 F = Levels seen in this place.
 G = Mean time per level.
                   A        B        C        D        E       F      G
               +--------+--------+--------+--------+--------+-----+--------+
         Total |   4418 |   4267 |    151 |    655 |   2127 |   5 |  883.6 |
       Dungeon |   4418 |   4267 |    151 |    655 |   2127 |   5 |  883.6 |
               +--------+--------+--------+--------+--------+-----+--------+

Top non-repeatable levels by time:
     D:4: 1432 daAuts
     D:2: 1070 daAuts
     D:3: 970 daAuts
     D:1: 816 daAuts
     D:5: 127 daAuts
